 Dungeon Crawl Stone Soup version 0.28-a0-843-gb979743d38 (webtiles) character file.

Game seed: 9369724858807360004

175 Iepvzaeh the Covered (level 5, -1/46 HPs)
             Began as a Minotaur Fighter on Nov 12, 2021.
             Slain by a water moccasin (8 damage)
             ... on level 3 of the Dungeon.
             The game lasted 00:03:50 (2726 turns).

Iepvzaeh the Covered (Minotaur Fighter)             Turns: 2726, Time: 00:03:50

Health: -1/46      AC:  7    Str: 21    XL:     5   Next: 29%
Magic:  4/4        EV: 10    Int:  5    God:
Gold:   27         SH:  4    Dex: 10    Spells: 4/4 levels left

rFire   . . .      SeeInvis .   a - +0 war axe
rCold   . . .      Faith    .   c - +0 buckler
rNeg    . . .      Spirit   .   b - +0 scale mail
rPois   .          Reflect  .   (helmet restricted)
rElec   .          Harm     .   (no cloak)
rCorr   .          Rampage  .   (no gloves)
Will    .....                   (no boots)
Stlth   ..........              (no amulet)
HPRegen 0.15/turn               (no ring)
MPRegen 0.09/turn               (no ring)

@: mighty, lethally poisoned (-1 -> -10)
A: horns 2, retaliatory headbutt
a: no special abilities


You were on level 3 of the Dungeon.
You visited 1 branch of the dungeon, and saw 3 of its levels.

You collected 63 gold pieces.
You spent 36 gold pieces at shops.

Inventory:

Hand Weapons
 a - a +0 war axe (weapon)
Missiles
 o - 72 arrows
Armour
 b - a +0 scale mail (worn)
 c - a +0 buckler (worn)
Jewellery
 q - an amulet of guardian spirit
Scrolls
 e - a scroll of noise {unknown}
 i - 2 scrolls of identify {unknown}
 k - a scroll of amnesia {unknown}
 l - a scroll of enchant weapon {unknown}
 m - a scroll of silence {unknown}
 p - a scroll of blinking {unknown}
Potions
 d - 5 potions of might
 f - a potion of brilliance {unknown}
 g - a potion of haste {unknown}
 h - 2 potions of curing {unknown}
 j - a potion of invisibility {unknown}
 n - a potion of berserk rage {unknown}


   Skills:
 + Level 4.2 Fighting
 + Level 4.4 Axes
 + Level 4.9 Armour
 + Level 0.7 Dodging
 + Level 0.5 Stealth
 + Level 4.4 Shields


You had 4 spell levels left.
You didn't know any spells.
Your spell library was empty.

Dungeon Overview and Level Annotations

Branches:
Dungeon (3/15)

Altars:

Shops:
D:1 *(


Innate Abilities, Weirdness & Mutations

You have a pair of horns on your head.
You reflexively headbutt those who attack you in melee.


Message History

A water moccasin is nearby!
You block the water moccasin's attack.
The water moccasin bites you but does no damage.
You barely miss the water moccasin. The water moccasin bites you.
You slash the water moccasin!
The water moccasin is heavily wounded.
The water moccasin bites you.
You are poisoned.
The water moccasin poisons you! The water moccasin bites you.
You closely miss the water moccasin.
The water moccasin is heavily wounded.
You feel very sick.
The water moccasin bites you but does no damage.
The water moccasin bites you.
You are lethally poisoned!
The water moccasin poisons you!
You miss the water moccasin.
The water moccasin is heavily wounded.
You feel extremely sick.
The water moccasin completely misses you.
The water moccasin barely misses you.
You are too injured to fight recklessly!
You are too injured to fight recklessly!
You are too injured to fight recklessly!
You feel very mighty all of a sudden.
You feel very sick.
The water moccasin bites you but does no damage.
You barely miss the water moccasin.
Your headbutt misses the water moccasin.
The water moccasin is heavily wounded.
* * * LOW HITPOINT WARNING * * *
You feel very sick. The water moccasin barely misses you.
The water moccasin bites you but does no damage.
You miss the water moccasin. You headbutt the water moccasin!
The water moccasin is almost dead.
* * * LOW HITPOINT WARNING * * *
You feel very sick. You block the water moccasin's attack.
The water moccasin bites you!
You die...

#.#.##.# #.#######.#...#
....##.# #.......#.#....
#.#.##.# #.......+ # .#
#<#.##.# #.......# #.#.#..#
#.#.##### #.#.#.## #.#.#
#.#.#.# #.#.# #.#.#.#
#.#.#####.##.
#.#.#.######.#..@S..<...
..#.#......#.###############
..#.######.#.#.............#
..#.# #.......#########.#
....# #.......# #.# #...#
#.......# #.#
##..######.......# #[#
#...............#########.#
#........†................#


You could see a water moccasin.

Vanquished Creatures
  A water moccasin skeleton (D:3)
  A jelly (D:3)
  4 adders
  2 worms
  2 dart slugs
  An orc (D:3)
  3 bats
  4 endoplasms
  5 goblins
  5 hobgoblins
  9 kobolds
  3 quokkas
  4 ball pythons
  6 frilled lizards
  5 rats
55 creatures vanquished.

Notes
Turn   | Place    | Note
-------+----------+-------------------------------------------
     0 | D:1      | Iepvzaeh the Minotaur Fighter began the quest for the Orb.
     0 | D:1      | Reached XP level 1. HP: 19/19 MP: 0/0
   218 | D:1      | Found a faded altar of an unknown god.
   276 | D:1      | Reached XP level 2. HP: 27/27 MP: 1/1
   678 | D:1      | Found Uxoteu's Antique Weapon Boutique.
   778 | D:1      | Found Dejocaon's Assorted Antiques.
   788 | D:1      | Bought a scroll labelled HIQOHODOZE for 18 gold pieces
   939 | D:2      | Reached XP level 3. HP: 33/33 MP: 2/2
  1023 | D:1      | Bought a scroll labelled APHENA RILUSK for 18 gold pieces
  2029 | D:3      | Reached XP level 4. HP: 33/40 MP: 3/3
  2522 | D:3      | Reached XP level 5. HP: 41/46 MP: 4/4
  2716 | D:3      | Noticed a water moccasin
  2726 | D:3      | Slain by a water moccasin

Illustrated notes

Levels and vault maps discovered:
D:1:      dpeg_arrival_pits, layout_basic, serial_shops,
          nicolae_shop_waterfront, nicolae_diamond_shop, basic_ecumenical_altar
D:2:      layout_loops_corners
D:3:      layout_basic, corexii_item_surrounded_by_moat, hangedman_glass_garden

Skill      XL: |  1  2  3  4 |
---------------+-------------+-----
Armour         | 4 |  4.9
Shields        | 4 |  4.4
Axes           | 3 4 |  4.4
Fighting       | 4 |  4.2
Dodging        | |  0.7
Stealth        | |  0.5

Action                   |  1- 3 |  4- 6 || total
-------------------------+-------+-------++-------
Melee: War axe           |    78 |    42 ||   120
       Headbutt          |    10 |     8 ||    18
  Use: Potion            |       |     1 ||     1
Armor: Scale mail        |    31 |    20 ||    51
Dodge: Dodged            |    35 |    16 ||    51
Block: Buckler           |    18 |     5 ||    23

Table legend: (Time is in decaauts)
 A = Elapsed time spent in this place.
 B = Non-inter-level travel time spent in this place.
 C = Inter-level travel time spent in this place.
 D = Time resting spent in this place.
 E = Time spent auto-exploring this place.
 F = Levels seen in this place.
 G = Mean time per level.
                   A        B        C        D        E       F      G
               +--------+--------+--------+--------+--------+-----+--------+
         Total |   2767 |   2568 |    199 |      0 |   2181 |   3 |  922.3 |
       Dungeon |   2767 |   2568 |    199 |      0 |   2181 |   3 |  922.3 |
               +--------+--------+--------+--------+--------+-----+--------+

Top non-repeatable levels by time:
     D:2: 1050 daAuts
     D:1: 1001 daAuts
     D:3: 715 daAuts
